 Dungeon Crawl Stone Soup version 0.14-a0-3520-g290746a (webtiles) character file.

255 KaKa the Ruinous (level 5, -5/28 HPs)
             Began as a Kobold Wizard on Mar 27, 2014.
             Killed from afar by an orc wizard (10 damage)
             ... with a puff of flame
             ... on Level 3 of the Dungeon.
             The game lasted 00:10:11 (2291 turns).

KaKa the Ruinous (Kobold Wizard)                    Turns: 2291, Time: 00:10:13

HP  -5/28        AC  3     Str  7      XL: 5   Next:  8%
MP   5/11        EV 15     Int 17      God:
Gold 150         SH  0     Dex 13      Spells:  3 memorised,  3 levels left

rFire  . . .     SeeInvis .     s - -2 sling (curse)
rCold  . . .     Clarity  .     a - +0 robe
rNeg   . . .     Conserve .     (no shield)
rPois  .         rCorr    .     b - +0 hat
rElec  .         rRot     .     g - +0 cloak
SustAb . .       Spirit   .     (no gloves)
rMut   .         Warding  .     (no boots)
Saprov + + .     Stasis   .     (no amulet)
MR     .....                    (no ring)
                                (no ring)

@: not resistant to hostile enchantments, fairly stealthy
A: disease resistance, carnivore 3, saprovore 2
a: no special abilities


You were on level 3 of the Dungeon.
You were very full.

You visited 1 branch of the dungeon, and saw 3 of its levels.

You collected 150 gold pieces.

Inventory:

Hand weapons
 e - a +2,+1 short sword of venom
 p - a +0,+0 short sword of venom
 s - a cursed -2,-2 sling (weapon)
Missiles
 k - 6 tomahawks
 t - 20 stones (quivered)
Armour
 a - a +0 robe (worn)
 b - a +0 hat (worn)
 g - a +0 cloak (worn)
Magical devices
 i - a wand of confusion (17)
Comestibles
 d - a meat ration
 f - a rotting chunk of giant gecko flesh
Scrolls
 h - a scroll of blinking
 n - a scroll of noise
Potions
 j - a potion of curing {unknown}
 l - a potion of agility {unknown}
 m - a potion of haste {unknown}
 o - 2 potions of restore abilities
 q - a potion of magic
Books
 c - a book of Minor Magic

   Spells                             Type                      Level
   *Magic Dart                        Conjuration                  1
   Blink                              Translocation                2
   Call Imp                           Summoning                    2
   Repel Missiles                     Charms/Air                   2
   Slow                               Hexes                        2
   *Conjure Flame                     Conjuration/Fire             3
   *Mephitic Cloud                    Conjuration/Poison/Air       3


   Skills:
 - Level 2.4 Dodging
 - Level 2.6 Stealth
 - Level 3.0 Spellcasting
 - Level 4.0 Conjurations
   Level 1.0 Summonings
   Level 1.0 Translocations
 + Level 0.2 Fire Magic


You had 3 spell levels left.
You knew the following spells:

 Your Spells              Type           Power        Failure   Level  Hunger
a - Magic Dart            Conj           ###.         3%          1    None
b - Conjure Flame         Conj/Fire      #.......     24%         3    ###....
c - Mephitic Cloud        Conj/Pois/Air  #.......     30%         3    ###....


Dungeon Overview and Level Annotations

Branches:
Dungeon (3/15)

Altars:


Innate Abilities, Weirdness & Mutations

You recuperate from illness quickly.
You are small and have problems with some larger weapons.
You are carnivorous and can eat meat at any time.
You can eat rotten meat.


Message History

You hear some strange, mumbled words.
The magic dart hits you!
No target in view!
Casting: Magic Dart
Confirm with . or Enter, or press ? or * to list all spells.
You don't know that spell.
Casting: Magic Dart
Confirm with . or Enter, or press ? or * to list all spells.
You can't see any susceptible monsters within range! (Use Z to cast anyway.)
You closely miss something. Something hits you but does no damage.
Casting: Magic Dart
Confirm with . or Enter, or press ? or * to list all spells.
You don't know that spell.
You clumsily bash something but do no damage.
Something hits you but does no damage.
You are electrocuted!
Ouch! That really hurt!
* * * LOW HITPOINT WARNING * * *
You hear some strange, mumbled words.
The puff of flame hits you!
You die...

#.........# #.# #.....
####.........# #.# ##.###
.............# #.# #.#
####.........# #.# #.#
#..<.)....# #.# #.#
#.........# #.# #.#
#.........# #.# #.#
.#######..### #.# #.#
..........# #@# #.#
.#######o## #.# #.# #.# #.#
###### #.# #.# #.####....# #.#
#######.######....#....####.#
........)..).................#
##############....#....######
###########


There were no monsters in sight!

Vanquished Creatures
  3 adders
  3 gnolls (D:2)
  A giant gecko (D:2)
  An ooze (D:3)
  2 orcs (D:3)
  2 giant cockroaches (D:2)
  6 hobgoblins
  5 jackals
  4 kobolds
  6 bats (D:1)
  2 giant newts (D:2)
  7 goblins
  4 rats
46 creatures vanquished.

Notes
Turn   | Place    | Note
--------------------------------------------------------------
     0 | D:1      | KaKa, the Kobold Wizard, began the quest for the Orb.
     0 | D:1      | Reached XP level 1. HP: 10/10 MP: 4/4
    43 | D:1      | Reached skill level 1 in Conjurations
   401 | D:1      | Reached XP level 2. HP: 15/15 MP: 3/6
   904 | D:2      | Reached XP level 3. HP: 19/19 MP: 4/7
  1016 | D:2      | Learned a level 3 spell: Conjure Flame
  1020 | D:2      | Learned a level 3 spell: Mephitic Cloud
  1363 | D:2      | Reached XP level 4. HP: 11/24 MP: 0/9
  2234 | D:3      | Reached XP level 5. HP: 28/28 MP: 9/11
  2248 | D:3      | Reached skill level 4 in Conjurations
  2291 | D:3      | Killed from afar by an orc wizard

Action                   |  1- 3 |  4- 6 || total
-------------------------+-------+-------++-------
Melee: Hand axe          |     3 |       ||     3
       Unarmed           |     1 |       ||     1
       Short sword       |     2 |     1 ||     3
       Sling             |       |     2 ||     2
Throw: Tomahawk          |    12 |       ||    12
 Cast: Magic Dart        |    58 |    44 ||   102
Evoke: Wand              |       |     4 ||     4
  Use: Scroll            |       |     5 ||     5
